 Dungeon Crawl Stone Soup version 0.30-a0-347-gf58ed5266c (webtiles) character file.

Game seed: 5496789880267129970

1096 purpskrrrp the Ruffian (level 8, -1/75 HPs)
             Began as a Troll Warper on Nov 6, 2022.
             Slain by a gnoll sergeant
             ... wielding a +2 trident of venom
              (6 damage)
             ... on level 6 of the Dungeon.
             The game lasted 00:08:00 (4823 turns).

purpskrrrp the Ruffian (Troll Warper)               Turns: 4823, Time: 00:08:01

Health: -1/75      AC:  8    Str: 22    XL:     8   Next: 10%
Magic:  10/10      EV: 10    Int:  9    God:
Gold:   384        SH:  0    Dex:  9    Spells: 10/12 levels left

rFire   . . .      SeeInvis .      - Unarmed
rCold   . . .      Faith    .    (no shield)
rNeg    . . .      Spirit   .    a - +0 robe
rPois   .          Reflect  .    (helmet restricted)
rElec   .          Harm     .    (no cloak)
rCorr   .          Rampage  .    (gloves unavailable)
Will    .....                    (boots unavailable)
Stlth   +.........               (no amulet)
HPRegen 1.12/turn                q - +4 ring of protection
MPRegen 0.12/turn                (no ring)

@: lethally poisoned (-1 -> -4)
A: large, unfitting armour, claws 3, regeneration 1, shaggy fur 1, tough skin 1
a: no special abilities


You were on level 6 of the Dungeon.
You visited 1 branch of the dungeon, and saw 6 of its levels.

You collected 384 gold pieces.

Inventory:

Missiles
 c - 6 boomerangs of dispersal
 t - a silver boomerang
Armour
 a - a +0 robe (worn)
Jewellery
 q - a +4 ring of protection (left claw)
Wands
 d - a wand of iceblast (3)
 u - a wand of quicksilver (6)
Scrolls
 e - 3 scrolls of vulnerability
 h - a scroll of silence
 m - a scroll of identify
 w - a scroll of teleportation
Potions
 f - a potion of heal wounds {unknown}
 g - a potion of curing
 i - a potion of might {unknown}
 j - a potion of cancellation {unknown}
 k - a potion of ambrosia {unknown}
 l - 2 potions of mutation
 n - a potion of lignification {unknown}
 o - a potion of resistance {unknown}
 r - 2 potions of brilliance
 s - 2 potions of degeneration


   Skills:
 + Level 3.1 Fighting
 - Level 0.8 Throwing
 + Level 2.7 Armour
 + Level 3.4 Dodging
 * Level 5.5 Unarmed Combat
 + Level 2.5 Spellcasting
 + Level 3.4 Translocations


You had 10 spell levels left.
You knew the following spells:

 Your Spells              Type           Power      Damage    Failure   Level
a - Blink                 Tloc           14%        N/A       12%         2

Your spell library contained the following spells:

 Spells                   Type           Power      Damage    Failure   Level
 Lesser Beckoning         Tloc           14%        N/A       24%         3
 Teleport Other           Tloc           7%         N/A       24%         3
 Vhi's Electric Charge    Tloc/Air       8%         N/A       43%         3
 Manifold Assault         Tloc           7%         N/A       61%         4
 Ozocubu's Armour         Ice            1%         N/A       67%         3
 Metabolic Englaciation   Hex/Ice        0%         N/A       100%        5
 Simulacrum               Ice/Necr       0%         N/A       100%        6
 Ozocubu's Refrigeration  Ice            0%         4d7       100%        7


Dungeon Overview and Level Annotations

Branches:
Dungeon (6/15)
 Temple: D:4-7

Altars:


Innate Abilities, Weirdness & Mutations

You are too large for most types of armour.
You have claws for hands.
Your natural rate of healing is unusually fast.
You are covered in fur. (AC +1)
You have tough skin. (AC +1)


Message History

The gnoll sergeant hits you from afar with a +2 trident of venom!
You are poisoned.
The gnoll closely misses you.
There is a stone staircase leading up, spattered with blood here.
You feel very sick.
The gnoll sergeant hits you but does no damage.
You are more poisoned.
The gnoll hits you from afar with a +0 halberd!
You claw the gnoll sergeant!
The gnoll sergeant is severely wounded.
You feel very sick.
The gnoll sergeant hits you with a +2 trident of venom!
You are more poisoned.
The gnoll completely misses you.
You scratch the gnoll sergeant.
The gnoll sergeant is almost dead.
You feel extremely sick. The gnoll sergeant closely misses you.
The gnoll barely misses you.
You barely miss the gnoll sergeant.
The gnoll sergeant is almost dead.
You feel very sick.
You scratch the gnoll sergeant.
The gnoll sergeant is almost dead.
You feel very sick.
The gnoll sergeant hits you with a +2 trident of venom!
* * * LOW HITPOINT WARNING * * *
You are more poisoned.
The gnoll hits you from afar with a +0 halberd.
* * * LOW HITPOINT WARNING * * *
You feel better.
The gnoll sergeant hits you with a +2 trident of venom!
* * * LOW HITPOINT WARNING * * *
You are poisoned.
The gnoll barely misses you.
You barely miss the gnoll sergeant.
The gnoll sergeant is almost dead.
* * * LOW HITPOINT WARNING * * *
You feel very sick.
The gnoll sergeant hits you with a +2 trident of venom.
You die...

#........###
#............
#............
#............
#........[...
########..g........
.......#........##
.......#.g@<.....#.##
.......)..).......$..
.......#.......).....
.......####.##...#.#.
....... #.# .#.#
....... #.. .. #
....... ####.#.
....... .#.# .......
.# #


You could see a gnoll sergeant and a gnoll.

Vanquished Creatures
  2 water moccasins
  An orc warrior (D:5)
  A black bear (D:5)
  A necrophage (D:5)
  2 scorpions (D:5)
  A howler monkey (D:5)
  A hound (D:5)
  2 orc priests
  A jelly (D:4)
  Ijyb (D:3)
  2 iguanas (D:4)
  2 orc wizards (D:5)
  2 gnolls (D:6)
  9 adders
  A white imp (D:5)
  An ufetubus (D:4)
  5 worms
  5 dart slugs
  10 orcs
  5 bats
  9 endoplasms
  4 giant cockroaches
  10 goblins
  8 hobgoblins
  6 jackals
  10 kobolds
  2 quokkas (D:4)
  8 ball pythons
  3 frilled lizards
  4 rats
119 creatures vanquished.

Vanquished Creatures (others)
  A kobold (D:4)
1 creature vanquished.

Grand Total: 120 creatures vanquished

Notes
Turn   | Place    | Note
-------+----------+-------------------------------------------
     0 | D:1      | purpskrrrp the Troll Warper began the quest for the Orb.
     0 | D:1      | Reached XP level 1. HP: 19/19 MP: 1/1
   214 | D:1      | Reached XP level 2. HP: 26/27 MP: 3/3
   643 | D:1      | Reached XP level 3. HP: 35/35 MP: 4/4
  1010 | D:2      | Reached skill level 3 in Unarmed Combat
  1166 | D:2      | Reached XP level 4. HP: 35/42 MP: 5/5
  1718 | D:3      | Reached skill level 1 in Armour
  2000 | D:3      | Reached XP level 5. HP: 28/49 MP: 6/6
  2029 | D:3      | Noticed Ijyb
  2045 | D:3      | Killed Ijyb
  3469 | D:4      | Reached skill level 4 in Unarmed Combat
  3469 | D:4      | Reached XP level 6. HP: 34/57 MP: 7/7
  3540 | D:4      | Noticed a water moccasin
  3558 | D:4      | Killed a water moccasin
  3758 | D:4      | Learned a level 2 spell: Blink
  3786 | D:5      | Entered Level 5 of the Dungeon
  3895 | D:5      | Noticed a water moccasin
  3906 | D:5      | Killed a water moccasin
  3907 | D:5      | Reached XP level 7. HP: 56/66 MP: 9/9
  4124 | D:5      | Reached skill level 5 in Unarmed Combat
  4754 | D:6      | Reached XP level 8. HP: 65/75 MP: 10/10
  4759 | D:5      | HP: 3/75 [poisoned by a gnoll sergeant]
  4823 | D:6      | Slain by a gnoll sergeant

Illustrated notes

Levels and vault maps discovered:
D:1:      dpeg_arrival_shrine, layout_loops_corners
D:2:      layout_basic, guppyfry_early_lair_pool
D:3:      minmay_razor_zed, layout_loops_ring, uniq_ijyb
D:4:      minmay_bubble_buster, layout_layer_cave
D:5:      layout_loops_cross, minivault_24, kennysheep_generic_room_13
D:6:      layout_basic, minmay_misc_feat_more_columns, minmay_misc_feat_chi,
          nicolae_titane

Skill      XL: |  1  2  3  4  5  6  7 |
---------------+----------------------+-----
Dodging        | 2 3 |  3.4
Unarmed Combat | 3 4 5 |  5.5
Armour         | 1 2 |  2.7
Fighting       | 2 3 |  3.1
Spellcasting   | 2 |  2.5
Translocations | 3 |  3.4
Throwing       | |  0.8

Action                   |  1- 3 |  4- 6 |  7- 9 || total
-------------------------+-------+-------+-------++-------
Melee: Unarmed           |    91 |   226 |    79 ||   396
       Punch             |     1 |     2 |     3 ||     6
Throw: Boomerang         |     1 |       |       ||     1
 Cast: Blink             |       |       |     1 ||     1
  Use: Scroll            |       |    14 |     1 ||    15
       Potion            |       |       |     3 ||     3
 Stab: Sleeping          |     2 |       |       ||     2
Armor: Robe              |    49 |    84 |    29 ||   162
Dodge: Dodged            |    48 |   112 |    41 ||   201

Table legend: (Time is in decaauts)
 A = Elapsed time spent in this place.
 B = Non-inter-level travel time spent in this place.
 C = Inter-level travel time spent in this place.
 D = Time resting spent in this place.
 E = Time spent auto-exploring this place.
 F = Levels seen in this place.
 G = Mean time per level.
                   A        B        C        D        E       F      G
               +--------+--------+--------+--------+--------+-----+--------+
         Total |   4798 |   4610 |    188 |    232 |   3596 |   6 |  799.7 |
       Dungeon |   4798 |   4610 |    188 |    232 |   3596 |   6 |  799.7 |
               +--------+--------+--------+--------+--------+-----+--------+

Top non-repeatable levels by time:
     D:4: 1387 daAuts
     D:5: 934 daAuts
     D:1: 891 daAuts
     D:3: 834 daAuts
     D:2: 724 daAuts
     D:6: 26 daAuts
